TOP OF THE 1ST |
Pennsylvania State University Nittany Lions batting - Pitching for Wichita State University Shockers : RHP Boboy Cacabelos
|
Pitching: RHP Boboy Cacabelos
|
|
Batting: RHB Francisco Velazquez
|
0-0: Called Strike 0-1: Swinging Strike 0-2: Strikes out looking
|
Batting: RHB Pete Martin
|
0-0: Foul Ball, location: 2F 0-1: Foul Ball, location: 2F 0-2: Ball 1-2: Fly out, F7 (Flyball, 7, EV 93.8 MPH)
|
Batting: RHB Josh Ebeling
|
0-0: Called Strike 0-1: SINGLE (Groundball, 6D, EV 96.9 MPH)
|
Batting: RHB Rob Hinojosa
|
0-0: 2-RUN HOME RUN (Flyball, 78XD, EV 111.9 MPH), Distance : 427 ft
|
Batting: RHB Victor Victorino
|
0-0: Swinging Strike 0-1: Called Strike 0-2: Strikes out looking
|
Top of the 1st over - 2 runs, 2 hits, 0 errors, 0 left on base; Pennsylvania State University 2 - Wichita State University 0 |
BOTTOM OF THE 1ST |
Wichita State University Shockers batting - Pitching for Pennsylvania State University Nittany Lions : LHP Mike Anderson
|
Pitching: LHP Mike Anderson
|
|
Batting: RHB Alex Zeledon
|
0-0: Foul Ball, location: 2F 0-1: Foul Ball, location: 2F 0-2: Foul Ball, location: 2F 0-2: Ball 1-2: Strikes out looking
|
Batting: RHB Lucio Baratta
|
0-0: Called Strike 0-1: Called Strike 0-2: Foul Ball, location: 2F 0-2: Reached on error, E1 (Groundball, 15S, EV 63.1 MPH)
|
Batting: RHB Byron Whitehead
|
0-0: Ball 1-0: Swinging Strike 1-1: Foul Ball, location: 2F 1-2: Strikes out swinging
|
Batting: LHB Carlos Flores
|
0-0: Ball 1-0: Foul Ball, location: 2F 1-1: Ball 2-1: SINGLE (Line Drive, 9S, EV 96.2 MPH) Lucio Baratta to third Runner from 3rd tries for Home, throw by RF and OUT! 9-2
|
Bottom of the 1st over - 0 runs, 1 hit, 1 error, 1 left on base; Pennsylvania State University 2 - Wichita State University 0 |
TOP OF THE 2ND |
Pennsylvania State University Nittany Lions batting - Pitching for Wichita State University Shockers : RHP Boboy Cacabelos
|
Batting: RHB Joe Strachan
|
0-0: Called Strike 0-1: Ball 1-1: Foul Ball, location: 2F 1-2: Ball 2-2: Ball 3-2: Ground out 6-3 (Groundball, 6, EV 80.0 MPH)
|
Batting: RHB James Steinmetz
|
0-0: Ball 1-0: Foul Ball, location: 2F 1-1: Ball 2-1: Swinging Strike 2-2: Strikes out swinging
|
Batting: RHB Perry Brantley
|
0-0: Ball 1-0: Called Strike 1-1: Ball 2-1: Ball 3-1: Foul Ball, location: 2F 3-2: SINGLE (Line Drive, 89S, EV 93.1 MPH)
|
Batting: RHB Pat Betancourt
|
0-0: Foul Ball, location: 2F 0-1: Fly out, F3 (Popup, 3S, EV 78.1 MPH)
|
Top of the 2nd over - 0 runs, 1 hit, 0 errors, 1 left on base; Pennsylvania State University 2 - Wichita State University 0 |
BOTTOM OF THE 2ND |
Wichita State University Shockers batting - Pitching for Pennsylvania State University Nittany Lions : LHP Mike Anderson
|
Batting: SHB Mike Chafe
|
0-0: Ball 1-0: Called Strike 1-1: Ground out 5-3 (Groundball, 56S, EV 80.6 MPH)
|
Batting: LHB Troy Davies
|
0-0: Called Strike 0-1: Ball 1-1: Ball 2-1: Swinging Strike 2-2: Strikes out looking
|
Batting: LHB Kyle Lee
|
0-0: Called Strike 0-1: Called Strike 0-2: Fly out, F9 (Line Drive, 89M, EV 91.2 MPH)
|
Bottom of the 2nd over - 0 runs, 0 hits, 0 errors, 0 left on base; Pennsylvania State University 2 - Wichita State University 0 |
TOP OF THE 3RD |
Pennsylvania State University Nittany Lions batting - Pitching for Wichita State University Shockers : RHP Boboy Cacabelos
|
Batting: RHB Francisco Velazquez
|
0-0: Ball 1-0: Ball 2-0: Ball 3-0: Called Strike 3-1: Base on Balls
|
Batting: RHB Pete Martin
|
0-0: Called Strike 0-1: Ball Wild Pitch! Francisco Velazquez to second 1-1: Foul Ball, location: 2F 1-2: Fly out, F5 (Popup, 5SF, EV 77.5 MPH)
|
Batting: RHB Josh Ebeling
|
0-0: Ball 1-0: Called Strike 1-1: Ball 2-1: Swinging Strike 2-2: Ground out 5-3 (Groundball, 56, EV 86.2 MPH)
|
Batting: RHB Rob Hinojosa
|
0-0: Ball 1-0: Ball 2-0: Swinging Strike 2-1: 2-RUN HOME RUN (Flyball, 7LD, EV 91.2 MPH), Distance : 339 ft
|
Batting: RHB Victor Victorino
|
0-0: Ball 1-0: Ball 2-0: Ball 3-0: Base on Balls
|
Batting: RHB Joe Strachan
|
0-0: Swinging Strike 0-1: Called Strike 0-2: Strikes out swinging
|
Top of the 3rd over - 2 runs, 1 hit, 0 errors, 1 left on base; Pennsylvania State University 4 - Wichita State University 0 |
BOTTOM OF THE 3RD |
Wichita State University Shockers batting - Pitching for Pennsylvania State University Nittany Lions : LHP Mike Anderson
|
Batting: RHB Jeff Grant
|
0-0: Swinging Strike 0-1: Called Strike 0-2: Strikes out looking
|
Batting: SHB Peter Faggard
|
0-0: Ball 1-0: Called Strike 1-1: Ground out 6-3 (Groundball, 6, EV 106.9 MPH)
|
Batting: RHB Alex Zeledon
|
0-0: Swinging Strike 0-1: SINGLE (Flyball, 5D, EV 93.8 MPH)
|
Batting: RHB Lucio Baratta
|
0-0: Fly out, F9 (Flyball, 89XD, EV 91.2 MPH)
|
Bottom of the 3rd over - 0 runs, 1 hit, 0 errors, 1 left on base; Pennsylvania State University 4 - Wichita State University 0 |
TOP OF THE 4TH |
Pennsylvania State University Nittany Lions batting - Pitching for Wichita State University Shockers : RHP Boboy Cacabelos
|
Batting: RHB James Steinmetz
|
0-0: Ball 1-0: Called Strike 1-1: Ball 2-1: Fly out, F6 (Popup, 6M, EV 67.5 MPH)
|
Batting: RHB Perry Brantley
|
0-0: Called Strike 0-1: Ground out 5-3 (Groundball, 56, EV 83.1 MPH)
|
Batting: RHB Pat Betancourt
|
0-0: Swinging Strike 0-1: Swinging Strike 0-2: Foul Ball, location: 2F 0-2: Foul Ball, location: 2F 0-2: Strikes out swinging
|
Top of the 4th over - 0 runs, 0 hits, 0 errors, 0 left on base; Pennsylvania State University 4 - Wichita State University 0 |
BOTTOM OF THE 4TH |
Wichita State University Shockers batting - Pitching for Pennsylvania State University Nittany Lions : LHP Mike Anderson
|
Batting: RHB Byron Whitehead
|
0-0: Ball 1-0: Called Strike 1-1: Ball 2-1: Swinging Strike 2-2: Ball 3-2: Strikes out looking
|
Batting: LHB Carlos Flores
|
0-0: Called Strike 0-1: Swinging Strike 0-2: Ball 1-2: SINGLE (Groundball, 56, EV 101.2 MPH)
|
Batting: SHB Mike Chafe
|
0-0: Swinging Strike 0-1: Ball 1-1: Fly out, F9 (Flyball, 89S, EV 87.5 MPH)
|
Batting: LHB Troy Davies
|
0-0: Called Strike 0-1: Foul Ball, location: 2F 0-2: Ball 1-2: Hit by Pitch Carlos Flores to second
|
Batting: LHB Kyle Lee
|
0-0: Hit by Pitch Carlos Flores to third Troy Davies to second
|
Batting: RHB Jeff Grant
|
0-0: Ball 1-0: Ball 2-0: Foul Ball, location: 2F 2-1: Called Strike 2-2: Ball 3-2: Strikes out looking
|
Bottom of the 4th over - 0 runs, 1 hit, 0 errors, 3 left on base; Pennsylvania State University 4 - Wichita State University 0 |
TOP OF THE 5TH |
Pennsylvania State University Nittany Lions batting - Pitching for Wichita State University Shockers : RHP Boboy Cacabelos
|
Batting: RHB Francisco Velazquez
|
0-0: Ball 1-0: Ball 2-0: Ball 3-0: Called Strike 3-1: Called Strike 3-2: DOUBLE (Flyball, 89D, EV 96.9 MPH)
|
Batting: RHB Pete Martin
|
0-0: Ball 1-0: Foul Ball, location: 2F 1-1: Swinging Strike 1-2: Strikes out swinging
|
Batting: RHB Josh Ebeling
|
0-0: Ball 1-0: Foul Ball, location: 2F 1-1: Ball 2-1: Foul Ball, location: 2F 2-2: Strikes out swinging
|
Batting: RHB Rob Hinojosa
|
0-0: Called Strike 0-1: Ball 1-1: Ground out 6-3 (Groundball, 56, EV 84.4 MPH)
|
Top of the 5th over - 0 runs, 1 hit, 0 errors, 1 left on base; Pennsylvania State University 4 - Wichita State University 0 |
BOTTOM OF THE 5TH |
Wichita State University Shockers batting - Pitching for Pennsylvania State University Nittany Lions : LHP Mike Anderson
|
Batting: SHB Peter Faggard
|
0-0: SINGLE (Flyball, 89S, EV 89.4 MPH)
|
Batting: RHB Alex Zeledon
|
0-0: Ball 1-0: Foul Ball, location: 2F 1-1: Ball 2-1: Ball 3-1: Base on Balls Peter Faggard to second
|
Batting: RHB Lucio Baratta
|
0-0: Ball 1-0: Grounds into double play, 3-6-3 (Groundball, 3, EV 106.9 MPH) Peter Faggard to third
|
Batting: RHB Byron Whitehead
|
0-0: Called Strike 0-1: Ball 1-1: Ball 2-1: Ball 3-1: Called Strike 3-2: Base on Balls
|
Batting: LHB Carlos Flores
|
0-0: Called Strike 0-1: Ball 1-1: Ball 2-1: SINGLE (Groundball, 6MD, EV 106.9 MPH) Peter Faggard scores Byron Whitehead to second Runner from 2nd tries for 3rd, SAFE, no throw by CF
|
Batting: SHB Mike Chafe
|
0-0: Called Strike 0-1: Fielders Choice at 2nd, 5-4 (Groundball, 5L, EV 84.4 MPH)
|
Bottom of the 5th over - 1 run, 2 hits, 0 errors, 2 left on base; Pennsylvania State University 4 - Wichita State University 1 |
TOP OF THE 6TH |
Pennsylvania State University Nittany Lions batting - Pitching for Wichita State University Shockers : RHP Boboy Cacabelos
|
Pitching: RHP Ryan Chase
|
|
Batting: RHB Victor Victorino
|
0-0: Called Strike 0-1: Ball 1-1: Foul Ball, location: 2F 1-2: Strikes out looking
|
Batting: RHB Joe Strachan
|
0-0: Ground out 5-3 (Groundball, 56, EV 103.8 MPH)
|
Batting: RHB James Steinmetz
|
0-0: Called Strike 0-1: SINGLE (Line Drive, 9S, EV 98.8 MPH)
|
Batting: RHB Perry Brantley
|
0-0: Foul Ball, location: 2F 0-1: Foul Ball, location: 2F 0-2: Ball 1-2: Ball 2-2: Fly out, F8 (Flyball, 8LXD, EV 97.5 MPH)
|
Top of the 6th over - 0 runs, 1 hit, 0 errors, 1 left on base; Pennsylvania State University 4 - Wichita State University 1 |
BOTTOM OF THE 6TH |
Wichita State University Shockers batting - Pitching for Pennsylvania State University Nittany Lions : LHP Mike Anderson
|
Pitching: RHP Velimir Danicic
|
|
Batting: LHB Troy Davies
|
0-0: Ball 1-0: Ball 2-0: Called Strike 2-1: Called Strike 2-2: Ball 3-2: Fly out, F9 (Flyball, 9D, EV 96.2 MPH)
|
Batting: LHB Kyle Lee
|
0-0: Ground out 6-3 (Groundball, 6, EV 106.2 MPH)
|
Batting: RHB Jeff Grant
|
0-0: Fly out, F8 (Flyball, 8LD, EV 109.4 MPH)
|
Bottom of the 6th over - 0 runs, 0 hits, 0 errors, 0 left on base; Pennsylvania State University 4 - Wichita State University 1 |
TOP OF THE 7TH |
Pennsylvania State University Nittany Lions batting - Pitching for Wichita State University Shockers : RHP Ryan Chase
|
Pitching: LHP Jacob Seymour
|
|
Batting: RHB Pat Betancourt
|
0-0: Fly out, F9 (Flyball, 9S, EV 88.1 MPH)
|
Batting: RHB Francisco Velazquez
|
0-0: Foul Ball, location: 2F 0-1: SINGLE (Groundball, 56D, EV 107.5 MPH)
|
Batting: RHB Pete Martin
|
0-0: Ball 1-0: Called Strike 1-1: Ball 2-1: Fly out, F8 (Flyball, 8RM, EV 83.8 MPH)
|
Batting: RHB Josh Ebeling
|
0-0: Called Strike 0-1: Called Strike 0-2: Ball 1-2: Fly out, F9 (Flyball, 9S, EV 88.1 MPH)
|
Top of the 7th over - 0 runs, 1 hit, 0 errors, 1 left on base; Pennsylvania State University 4 - Wichita State University 1 |
BOTTOM OF THE 7TH |
Wichita State University Shockers batting - Pitching for Pennsylvania State University Nittany Lions : RHP Velimir Danicic
|
Batting: SHB Peter Faggard
|
0-0: Foul Ball, location: 2F 0-1: Fly out, F7 (Flyball, 78S, EV 80.0 MPH)
|
Batting: RHB Alex Zeledon
|
0-0: Called Strike 0-1: Fly out, F9 (Flyball, 9, EV 92.5 MPH)
|
Batting: RHB Lucio Baratta
|
0-0: Swinging Strike 0-1: Ball 1-1: Ground out 6-3 (Groundball, P, EV 81.9 MPH)
|
Bottom of the 7th over - 0 runs, 0 hits, 0 errors, 0 left on base; Pennsylvania State University 4 - Wichita State University 1 |
TOP OF THE 8TH |
Pennsylvania State University Nittany Lions batting - Pitching for Wichita State University Shockers : LHP Jacob Seymour
|
Pitching: LHP Éric Duval
|
|
Batting: RHB Rob Hinojosa
|
0-0: Foul Ball, location: 2F 0-1: Ball 1-1: Foul Ball, location: 2F 1-2: DOUBLE (Flyball, 8LXD, EV 115.6 MPH)
|
Batting: RHB Victor Victorino
|
0-0: Swinging Strike 0-1: Ball 1-1: Foul Ball, location: 2F 1-2: Strikes out looking
|
Batting: RHB Joe Strachan
|
0-0: Intentional Walk
|
Batting: RHB James Steinmetz
|
0-0: Foul Ball, location: 2F 0-1: Foul Ball, location: 2F 0-2: Ball 1-2: Ball 2-2: Ball 3-2: Foul Ball, location: 2F 3-2: Foul Ball, location: 2F 3-2: Foul Ball, location: 2F 3-2: Strikes out looking
|
Pitching: LHP Greg Burton
|
|
Batting: RHB Perry Brantley
|
0-0: DOUBLE (Line Drive, 7LM, EV 100.0 MPH) Rob Hinojosa scores Joe Strachan to third Runner from 3rd tries for Home, SAFE, no throw by LF
|
Batting: RHB Pat Betancourt
|
0-0: Foul Ball, location: 2F 0-1: Ball 1-1: Ball 2-1: Ball 3-1: Base on Balls
|
Batting: RHB Francisco Velazquez
|
0-0: Called Strike 0-1: Fielders Choice at 2nd, 6-4 (Groundball, 6, EV 79.4 MPH)
|
Top of the 8th over - 2 runs, 2 hits, 0 errors, 2 left on base; Pennsylvania State University 6 - Wichita State University 1 |
BOTTOM OF THE 8TH |
Wichita State University Shockers batting - Pitching for Pennsylvania State University Nittany Lions : RHP Velimir Danicic
|
Batting: RHB Byron Whitehead
|
0-0: Called Strike 0-1: Ball 1-1: Ball 2-1: Ball 3-1: Base on Balls
|
Batting: LHB Carlos Flores
|
0-0: Called Strike 0-1: Swinging Strike 0-2: Strikes out looking
|
Batting: SHB Mike Chafe
|
0-0: SINGLE (Groundball, 34, EV 102.5 MPH) Byron Whitehead to second Runner from 2nd tries for 3rd, SAFE, no throw by RF
|
Pitching: RHP Hector Guzman
|
|
Batting: LHB Troy Davies
|
0-0: Ball 1-0: Called Strike 1-1: Fielders Choice at 2nd, 4-6 (Groundball, 4, EV 89.4 MPH) Byron Whitehead scores
|
Batting: LHB Kyle Lee
|
0-0: Ball 1-0: Foul Ball, location: 2F 1-1: Fly out, F9 (Line Drive, 89M, EV 94.4 MPH)
|
Bottom of the 8th over - 1 run, 1 hit, 0 errors, 1 left on base; Pennsylvania State University 6 - Wichita State University 2 |
TOP OF THE 9TH |
Pennsylvania State University Nittany Lions batting - Pitching for Wichita State University Shockers : LHP Greg Burton
|
Pitching: LHP Rusty Estes
|
|
Batting: RHB Pete Martin
|
0-0: Ball 1-0: Ball 2-0: Ball 3-0: Called Strike 3-1: Base on Balls
|
Batting: RHB Josh Ebeling
|
0-0: Called Strike 0-1: Swinging Strike 0-2: Single, Error in OF, E7, batter to second base (Line Drive, 78M, EV 98.8 MPH) Pete Martin to third
|
Batting: RHB Rob Hinojosa
|
0-0: Called Strike 0-1: Ground out 6-3 (Groundball, 6, EV 81.2 MPH) Pete Martin scores
|
Batting: RHB Victor Victorino
|
0-0: Ball 1-0: Ball 2-0: Called Strike 2-1: Ball 3-1: Foul Ball, location: 2F 3-2: Foul Ball, location: 2F 3-2: Base on Balls
|
Pitching: LHP Sterling Peyton
|
|
Batting: RHB Joe Strachan
|
0-0: Called Strike 0-1: Swinging Strike 0-2: Fly out, F2 (Popup, 23F, EV 81.9 MPH)
|
Batting: RHB James Steinmetz
|
0-0: Called Strike 0-1: Ball 1-1: Ball 2-1: Ball Wild Pitch! Josh Ebeling to third Victor Victorino to second 3-1: Foul Ball, location: 2F 3-2: Foul Ball, location: 2F 3-2: Base on Balls
|
Batting: RHB Perry Brantley
|
0-0: Ball 1-0: Called Strike 1-1: Swinging Strike 1-2: Ground out U3 (Groundball, 34, EV 88.1 MPH)
|
Top of the 9th over - 1 run, 1 hit, 1 error, 3 left on base; Pennsylvania State University 7 - Wichita State University 2 |
BOTTOM OF THE 9TH |
Wichita State University Shockers batting - Pitching for Pennsylvania State University Nittany Lions : RHP Hector Guzman
|
Batting: RHB Jeff Grant
|
0-0: Called Strike 0-1: Fly out, F8 (Line Drive, 8LM, EV 103.8 MPH)
|
Batting: SHB Peter Faggard
|
0-0: Ball 1-0: Ground out 4-3 (Groundball, 4, EV 89.4 MPH)
|
Batting: RHB Alex Zeledon
|
0-0: Foul Ball, location: 2F 0-1: Foul Ball, location: 2F 0-2: Ball 1-2: Strikes out looking
|
Bottom of the 9th over - 0 runs, 0 hits, 0 errors, 0 left on base; Pennsylvania State University 7 - Wichita State University 2 |
|